BSA
NASHVILLE G-STRINGS @ GREENVILLE 84S
09/30/2027
 
TOP OF THE 1ST
Madison Bombers batting - Pitching for Greenville 84s : RHP Andrés Vázquez
Pitching: RHP Andrés Vázquez
Batting: SHB Martín Medina 0-0: Foul Ball, location: 2F
0-1: Ball
1-1: Ball
2-1: Swinging Strike
2-2: Ball
3-2: Strikes out looking
Batting: RHB Hunter Plunket 0-0: Ball
1-0: Ball
2-0: Called Strike
2-1: Ground out 6-3 (Groundball, 6)
Batting: LHB Mike Callahan 0-0: Foul Ball, location: 2F
0-1: Ball
1-1: Swinging Strike
1-2: Ball
2-2: Reached on error, E6 (Groundball, 6M)
Batting: SHB Jorge Flores 0-0: Ball
1-0: Fly out, F8 (Flyball, 8LS)
Top of the 1st over - 0 run(s), 0 hit(s), 1 error(s), 1 left on base; Madison 0 - Greenville 0
BOTTOM OF THE 1ST
Greenville 84s batting - Pitching for Madison Bombers : LHP Bill Moore
Pitching: LHP Bill Moore
Batting: LHB Mario Cornelo 0-0: Fly out, F7 (Flyball, 7S)
Batting: LHB George Wood 0-0: Ball
1-0: Called Strike
1-1: Ball
2-1: Foul Ball, location: 2F
2-2: Strikes out swinging
Batting: RHB Owen Carter 0-0: Called Strike
0-1: Ball
1-1: Ball
2-1: Ball
3-1: Foul Ball, location: 2F
3-2: Base on Balls
Batting: RHB Vic Langlois 0-0: Called Strike
0-1: Ball
1-1: Ball
2-1: Swinging Strike
2-2: SINGLE (Flyball, 4D)
Owen Carter to second
Batting: RHB Cristo García 0-0: Fly out, F8 (Flyball, 8LXD)
Bottom of the 1st over - 0 run(s), 1 hit(s), 0 error(s), 2 left on base; Madison 0 - Greenville 0
TOP OF THE 2ND
Madison Bombers batting - Pitching for Greenville 84s : RHP Andrés Vázquez
Batting: LHB John Horton 0-0: Called Strike
0-1: Ground out 4-3 (Groundball, 34D)
Batting: LHB Alex Henderson 0-0: Ball
1-0: Called Strike
1-1: Ball
2-1: Ground out 4-3 (Groundball, 4)
Batting: RHB Juan Costello 0-0: DOUBLE (Line Drive, 8LD)
Batting: LHB John Latham 0-0: Ball
1-0: Ground out 1-3 (Groundball, 15S)
Top of the 2nd over - 0 run(s), 1 hit(s), 0 error(s), 1 left on base; Madison 0 - Greenville 0
BOTTOM OF THE 2ND
Greenville 84s batting - Pitching for Madison Bombers : LHP Bill Moore
Batting: RHB Felipe Rego 0-0: Ball
1-0: Called Strike
1-1: Called Strike
1-2: Foul Ball, location: 2F
1-2: SINGLE (Line Drive, 9LS)
Batting: LHB Chris Moore 0-0: Ball
1-0: SINGLE (Flyball, 8RS)
Felipe Rego to second
Batting: RHB Jim Beck 0-0: Ball
1-0: Called Strike
1-1: Ground out 6-3 (Groundball, 6S)
Felipe Rego to third
Chris Moore to second
Batting: LHB Gino Canio 0-0: Ball
1-0: Ball
2-0: 3-RUN HOME RUN (Flyball, 8RXD), Distance : 447 ft
Batting: LHB Mario Cornelo 0-0: Ground out U3 (Groundball, 34S)
Batting: LHB George Wood 0-0: Ball
1-0: Ball
2-0: Ball
3-0: SINGLE (Line Drive, 4D)
Batting: RHB Owen Carter 0-0: Ball
1-0: 2-RUN HOME RUN (Flyball, 8LXD), Distance : 451 ft
Batting: RHB Vic Langlois 0-0: SINGLE (Groundball, 6MD)
Batting: RHB Cristo García 0-0: Called Strike
0-1: Ball
1-1: Fielders Choice at 2nd, 5-4 (Groundball, 56)
Bottom of the 2nd over - 5 run(s), 6 hit(s), 0 error(s), 0 left on base; Madison 0 - Greenville 5
TOP OF THE 3RD
Madison Bombers batting - Pitching for Greenville 84s : RHP Andrés Vázquez
Batting: RHB Jesús Cabrera 0-0: Ball
1-0: Foul Ball, location: 2F
1-1: Ground out 5-3 (Groundball, 5L)
Batting: SHB Martín Medina 0-0: Ball
1-0: Foul Ball, location: 2F
1-1: Ball
2-1: Reached on error, E4 (Groundball, 4)
Batting: RHB Hunter Plunket 0-0: Ball
1-0: Fly out, F7 (Line Drive, 7)
Batting: LHB Mike Callahan 0-0: Ball
Martín Medina steals 2nd base
1-0: Called Strike
1-1: Ball
2-1: Ground out 1-3 (Groundball, 13)
Top of the 3rd over - 0 run(s), 0 hit(s), 1 error(s), 1 left on base; Madison 0 - Greenville 5
BOTTOM OF THE 3RD
Greenville 84s batting - Pitching for Madison Bombers : LHP Bill Moore
Batting: RHB Felipe Rego 0-0: Called Strike
0-1: Ball
1-1: Foul Ball, location: 2F
1-2: Ball
2-2: Fly out, F9 (Flyball, 9S)
Batting: LHB Chris Moore 0-0: Foul Ball, location: 2F
0-1: Called Strike
0-2: Ball
1-2: Strikes out swinging
Batting: RHB Jim Beck 0-0: Called Strike
0-1: Ball
1-1: Ball
2-1: Foul Ball, location: 2F
2-2: Foul Ball, location: 2F
2-2: Ball
3-2: Foul Ball, location: 2F
3-2: Ground out 4-3 (Groundball, 4S)
Bottom of the 3rd over - 0 run(s), 0 hit(s), 0 error(s), 0 left on base; Madison 0 - Greenville 5
TOP OF THE 4TH
Madison Bombers batting - Pitching for Greenville 84s : RHP Andrés Vázquez
Batting: SHB Jorge Flores 0-0: Called Strike
0-1: Fly out, F3 (Line Drive, 34S)
Batting: LHB John Horton 0-0: Foul Ball, location: 2F
0-1: Called Strike
0-2: Ball
1-2: SINGLE (Groundball, 23) (infield hit)
Batting: LHB Alex Henderson 0-0: Called Strike
0-1: SINGLE (Groundball, 4MS) (infield hit)
John Horton to second
Batting: RHB Juan Costello 0-0: Foul Ball, location: 2F
0-1: Ball
1-1: Ball
2-1: Foul Ball, location: 2F
2-2: Ball
3-2: Fly out, F8 (Flyball, 89M)
Batting: LHB John Latham 0-0: Ground out 3-1 (Groundball, 34)
Top of the 4th over - 0 run(s), 2 hit(s), 0 error(s), 2 left on base; Madison 0 - Greenville 5
BOTTOM OF THE 4TH
Greenville 84s batting - Pitching for Madison Bombers : LHP Bill Moore
Batting: LHB Gino Canio 0-0: Ground out 4-3 (Groundball, 34)
Batting: LHB Mario Cornelo 0-0: Called Strike
0-1: Called Strike
0-2: Ball
1-2: Strikes out swinging
Batting: LHB George Wood 0-0: Ground out 3-1 (Groundball, 34S)
Bottom of the 4th over - 0 run(s), 0 hit(s), 0 error(s), 0 left on base; Madison 0 - Greenville 5
TOP OF THE 5TH
Madison Bombers batting - Pitching for Greenville 84s : RHP Andrés Vázquez
Batting: RHB Jesús Cabrera 0-0: Ball
1-0: Ground out 4-3 (Groundball, 4MS)
Batting: SHB Martín Medina 0-0: Called Strike
0-1: SINGLE (Flyball, 8LS)
Batting: RHB Hunter Plunket 0-0: Ball
1-0: Called Strike
1-1: Fly out, F9 (Flyball, 9LS)
Batting: LHB Mike Callahan 0-0: Fly out, F3 (Line Drive, 3)
Top of the 5th over - 0 run(s), 1 hit(s), 0 error(s), 1 left on base; Madison 0 - Greenville 5
BOTTOM OF THE 5TH
Greenville 84s batting - Pitching for Madison Bombers : LHP Bill Moore
Batting: RHB Owen Carter 0-0: Called Strike
0-1: Ball
1-1: Swinging Strike
1-2: Ball
2-2: Ball
3-2: Ground out 5-3 (Groundball, 5L)
Batting: RHB Vic Langlois 0-0: Ball
1-0: Fly out, F8 (Flyball, 78D)
Batting: RHB Cristo García 0-0: Called Strike
0-1: Ball
1-1: Swinging Strike
1-2: Foul Ball, location: 2F
1-2: Ball
2-2: Foul Ball, location: 2F
2-2: Foul Ball, location: 2F
2-2: Strikes out looking
Bottom of the 5th over - 0 run(s), 0 hit(s), 0 error(s), 0 left on base; Madison 0 - Greenville 5
TOP OF THE 6TH
Madison Bombers batting - Pitching for Greenville 84s : RHP Andrés Vázquez
Batting: SHB Jorge Flores 0-0: Ball
1-0: Ball
2-0: Called Strike
2-1: Ball
3-1: Foul Ball, location: 2F
3-2: Ground out 4-3 (Groundball, 4)
Batting: LHB John Horton 0-0: Ball
1-0: Ground out U3 (Groundball, 34S)
Batting: LHB Alex Henderson 0-0: SINGLE (Groundball, 4MD)
Batting: RHB Juan Costello 0-0: Ball
1-0: Ball
2-0: Fielders Choice at 2nd, 5-4 (Groundball, 5L)
Top of the 6th over - 0 run(s), 1 hit(s), 0 error(s), 0 left on base; Madison 0 - Greenville 5
BOTTOM OF THE 6TH
Greenville 84s batting - Pitching for Madison Bombers : LHP Bill Moore
Batting: RHB Felipe Rego 0-0: Foul Ball, location: 2F
0-1: Fly out, F2 (Popup, 2R)
Batting: LHB Chris Moore 0-0: Ball
1-0: Ball
2-0: Swinging Strike
2-1: SINGLE (Groundball, 4MD)
Batting: RHB Jim Beck 0-0: Ball
1-0: Called Strike
1-1: Hit by Pitch
Chris Moore to second
Batting: LHB Gino Canio 0-0: Grounds into double play, 3-6-3 (Groundball, 34)
Bottom of the 6th over - 0 run(s), 1 hit(s), 0 error(s), 1 left on base; Madison 0 - Greenville 5
TOP OF THE 7TH
Madison Bombers batting - Pitching for Greenville 84s : RHP Andrés Vázquez
Batting: LHB John Latham 0-0: Ball
1-0: Ground out 6-3 (Groundball, 6)
Batting: RHB Jesús Cabrera 0-0: Ball
1-0: Foul Ball, location: 2F
1-1: Ball
2-1: Swinging Strike
2-2: Ball
3-2: Fly out, F5 (Line Drive, 5)
Batting: SHB Martín Medina 0-0: Ball
1-0: Ball
2-0: Ground out 4-3 (Groundball, 4)
Top of the 7th over - 0 run(s), 0 hit(s), 0 error(s), 0 left on base; Madison 0 - Greenville 5
BOTTOM OF THE 7TH
Greenville 84s batting - Pitching for Madison Bombers : LHP Bill Moore
Batting: LHB Mario Cornelo 0-0: Called Strike
0-1: Ball
1-1: Called Strike
1-2: Fly out, F7 (Line Drive, 7)
Batting: LHB George Wood 0-0: Ball
1-0: Ball
2-0: Swinging Strike
2-1: SINGLE (Groundball, 3D)
Pitching: LHP José Bamuelos
Batting: RHB Owen Carter 0-0: Called Strike
0-1: Swinging Strike
0-2: Strikes out looking
Batting: RHB Vic Langlois 0-0: 2-RUN HOME RUN (Flyball, 78XD), Distance : 392 ft
Batting: RHB Cristo García 0-0: Called Strike
0-1: Ball
1-1: Ball
2-1: Ball
3-1: Foul Ball, location: 2F
3-2: SINGLE (Flyball, 8RS)
Batting: RHB Felipe Rego 0-0: Ball
1-0: Ball
2-0: Called Strike
2-1: Called Strike
2-2: Foul Ball, location: 2F
2-2: Foul Ball, location: 2F
2-2: Ball
3-2: Base on Balls
Cristo García to second
Batting: LHB Chris Moore 0-0: 3-RUN HOME RUN (Flyball, 8LXD), Distance : 451 ft
Batting: RHB Jim Beck 0-0: Called Strike
0-1: Ball
1-1: Ground out 6-3 (Groundball, 6S)
Bottom of the 7th over - 5 run(s), 4 hit(s), 0 error(s), 0 left on base; Madison 0 - Greenville 10
TOP OF THE 8TH
Madison Bombers batting - Pitching for Greenville 84s : RHP Andrés Vázquez
Pitching: RHP Paco Ruíz
Pinch Hitting: RHB Sergio Márquez 0-0: Ball
1-0: Ball
2-0: SINGLE (Groundball, 56D)
Batting: LHB Mike Callahan 0-0: Ball
1-0: Swinging Strike
1-1: SINGLE (Groundball, 4MD)
Sergio Márquez to second
Pinch Hitting: RHB Javier Deleón 0-0: Foul Ball, location: 2F
0-1: Ball
1-1: Ball
2-1: Ball
3-1: Called Strike
3-2: Strikes out looking
Batting: LHB John Horton 0-0: Ball
1-0: Swinging Strike
1-1: Swinging Strike
1-2: Ball
2-2: Ball
3-2: Base on Balls
Sergio Márquez to third
Mike Callahan to second
Pinch Hitting: LHB George Smith 0-0: Ball
1-0: Fly out, F9 (Flyball, 9LMF)
Runner from 3rd tags up, SCORES, no throw
Batting: RHB Juan Costello 0-0: Foul Ball, location: 2F
0-1: SINGLE (Line Drive, 7S)
Mike Callahan to third
John Horton to second
Runner from 3rd tries for Home, SAFE, no throw
Batting: LHB John Latham 0-0: Ball
1-0: Ball
2-0: Called Strike
2-1: Fielders Choice at 2nd, 4-6 (Groundball, 4)
Top of the 8th over - 2 run(s), 3 hit(s), 0 error(s), 1 left on base; Madison 2 - Greenville 10
BOTTOM OF THE 8TH
Greenville 84s batting - Pitching for Madison Bombers : LHP José Bamuelos
Pitching: LHP George Moore
Now at 3B: Sergio Márquez
Now at SS: Javier Deleón
Now in LF: George Smith
Batting: LHB Gino Canio 0-0: Called Strike
0-1: Ground out 1-3 (Groundball, 13S)
Batting: LHB Mario Cornelo 0-0: Ball
1-0: Called Strike
1-1: Foul Ball, location: 2F
1-2: Foul Ball, location: 2F
1-2: Ball
2-2: Fly out, F8 (Flyball, 8LM)
Batting: LHB George Wood 0-0: Called Strike
0-1: Ball
1-1: Ball
2-1: Swinging Strike
2-2: Strikes out looking
Bottom of the 8th over - 0 run(s), 0 hit(s), 0 error(s), 0 left on base; Madison 2 - Greenville 10
TOP OF THE 9TH
Madison Bombers batting - Pitching for Greenville 84s : RHP Paco Ruíz
Batting: RHB Jesús Cabrera 0-0: Ground out 5-3 (Groundball, 56)
Batting: SHB Martín Medina 0-0: Ball
1-0: Ball
2-0: Ball
3-0: Called Strike
3-1: Called Strike
3-2: Strikes out swinging, 2-3 out at first.
Pinch Hitting: SHB Ricardo Arévalo 0-0: Fly out, F8 (Flyball, 8LS)
Top of the 9th over - 0 run(s), 0 hit(s), 0 error(s), 0 left on base; Madison 2 - Greenville 10
Thursday, March 30th, 2017 - OOTP Baseball 17.12 Build 75